 Dungeon Crawl Stone Soup version 0.22-a0-388-g09e6169 (webtiles) character file.

5564 tilp the Impaler (level 10, -20/70 HPs)
             Began as a Merfolk Ice Elementalist on Apr 29, 2018.
             Was an Initiate of Makhleb.
             Killed from afar by Josephine (27 damage)
             ... with a ghostly fireball
             ... on level 10 of the Dungeon.
             The game lasted 00:42:51 (14750 turns).

tilp the Impaler (Merfolk Ice Elementalist)        Turns: 14750, Time: 00:42:52

Health: -20/70     AC: 10    Str:  9    XL:     10   Next: 72%
Magic:  12/13      EV: 16    Int: 17    God:    Makhleb [......]
Gold:   487        SH:  0    Dex: 15    Spells: 1/13 levels left

rFire    . . .     SeeInvis .   O - +0 halberd
rCold    . . .     Gourm    .   (shield currently unavailable)
rNeg     . . .     Faith    .   a - +0 robe
rPois    .         Spirit   .   (no helmet)
rElec    .         Reflect  .   D - +2 cloak
rCorr    .         Harm     .   q - +2 pair of gloves
MR       +....                  K - +1 pair of boots
Stlth    ++........             (no amulet)
HPRegen  0.21/turn              z - ring of protection from magic
MPRegen  0.13/turn              (no ring)

@: about to teleport, slowed, drained, very slow
A: change form in water, swift swim, stealthy swim
a: Renounce Religion


You were on level 10 of the Dungeon.
You worshipped Makhleb.
Makhleb was noncommittal.
You were not hungry.

You visited 2 branches of the dungeon, and saw 11 of its levels.
You also visited: Sewer.

You collected 487 gold pieces.

Inventory:

Hand Weapons
 h - a +0 hunting sling
 l - a +0 trident
 H - a +3 hand axe
 N - a +0 glaive
 O - a +0 halberd (weapon)
Missiles
 i - 290 stones
 w - 31 sling bullets
 G - 4 tomahawks (quivered)
Armour
 a - a +0 robe (worn)
 q - a +2 pair of gloves (worn)
 D - a +2 cloak (worn)
 K - a +1 pair of boots (worn)
Jewellery
 g - an uncursed ring of positive energy {unknown}
 j - an uncursed amulet of the gourmand
 v - an uncursed amulet of faith
 z - a ring of protection from magic (left hand)
 C - an uncursed ring of protection from cold {unknown}
Wands
 n - a wand of polymorph (22)
 y - a wand of flame (64)
Scrolls
 b - 3 scrolls of amnesia
 k - 3 scrolls of fear
 r - 2 scrolls of teleportation
 A - 2 scrolls of blinking
 E - 7 scrolls of remove curse
 F - a scroll of magic mapping
 L - 2 scrolls of fog
Potions
 d - a potion of brilliance {unknown}
 e - a potion of berserk rage {unknown}
 m - a potion of haste {unknown}
 o - 2 potions of agility {unknown}
 p - 2 potions of curing {unknown}
 s - a potion of cancellation {unknown}
 t - 4 potions of might
 x - a potion of resistance {unknown}
 B - 5 potions of flight
 I - a potion of mutation {unknown}
 J - 2 potions of degeneration {unknown}
Comestibles
 c - 8 rations
 f - 3 chunks of flesh


   Skills:
 - Level 3.3(2.7) Fighting
 + Level 16.1(15.3) Polearms
 - Level 6.6(5.9) Dodging
 - Level 2.1(1.6) Stealth
 - Level 2.0(1.4) Spellcasting
 - Level 0.7(0.1) Conjurations
 - Level 3.0(2.4) Charms
 - Level 7.0(6.4) Ice Magic
 - Level 4.3(3.7) Evocations


You had one spell level left.
You knew the following spells:

 Your Spells              Type           Power        Failure   Level  Hunger
a - Freeze                Ice            ###.         1%          1    ##.....
b - Throw Frost           Conj/Ice       ##....       9%          2    ###....
c - Ozocubu's Armour      Chrm/Ice       ###.....     10%         3    ####...
d - Throw Icicle          Conj/Ice       ##......     47%         4    #####..
e - Swiftness             Chrm/Air       #.......     19%         2    ###....


Dungeon Overview and Level Annotations

Branches:
Dungeon (10/15)            Temple (1/1) D:7
   Lair: D:8-11         Orc: D:9-12

Altars:
Ashenzari
Cheibriados
Dithmenos
Elyvilon
Fedhas
Gozag
Hepliaklqana
Kikubaaqudgha
Makhleb
Nemelex Xobeh
Okawaru
Qazlal
Ru
Sif Muna
Trog
Uskayaw
Vehumet
Wu Jian
Xom
Yredelemnul
Zin
The Shining One

Shops:
D:8 *

Annotations:
D:3 Dargar's ghost, amateur DsGl
D:4 2ho
D:6 Totori's ghost, novice FoAK
D:10 Josephine; Sonja


Message History

You feel as though you will be slow longer.
You completely miss Josephine.
Josephine is heavily wounded.
The wraith closely misses you. The wraith barely misses you.
The wraith hits you!
* * * LOW HITPOINT WARNING * * *
The wraith drains your vigour!
You feel as though you will be slow longer.
Josephine hits you with a dagger.
* * * LOW HITPOINT WARNING * * *
As you read the scroll of teleportation, it crumbles to dust.
You feel strangely unstable. The wraith hits you but does no damage.
The wraith barely misses you. Josephine hits you but does no damage.
The wraith barely misses you. The wraith hits you.
* * * LOW HITPOINT WARNING * * *
The wraith closely misses you.
Your icy armour cracks and falls away as you move.
Josephine gestures at you while chanting.
The ghostly flame explodes!
The ghostly fireball engulfs you!
You feel drained.
You die...

###....###....
#.#.....#.....
###..#..........
##...............
#................
###...............
###.#..............
##..W.#............
#...@@............
#...WWW....###...
#.$....#...## #.
#.....###..#
........#...#
..............#
................
................


You could see Josephine and 4 wraiths.

Vanquished Creatures
  A two-headed ogre (D:9)
  A troll (D:9)
  Grinder (D:6)
  A hippogriff (D:10)
  A wraith (D:9)
  Grum (D:8)
  A hungry ghost (D:9)
  2 orc warriors
  4 ice beasts
  2 sky beasts
  A black bear (D:7)
  2 ogres (D:9)
  2 centaurs (D:8)
  A necrophage (D:9)
  2 wolves (D:8)
  A crocodile (D:9)
  3 bullfrogs (D:9)
  A gnoll sergeant (D:6)
  2 scorpions
  14 killer bees
  4 crimson imps
  2 bullfrog zombies
  4 hounds
  2 jellies
  Crazy Yiuf (D:2)
  5 orc wizards
  A centaur skeleton (D:5)
  Jessica (D:3)
  8 iguanas
  Ijyb (D:3)
  Natasha (thrice) (D:3)
  8 worker ants
  A hound zombie (D:4)
  A hound skeleton (D:4)
  A howler monkey zombie (D:5)
  9 gnolls
  9 adders
  4 oozes
  2 adder skeletons (D:9)
  8 worms
  2 dart slugs (D:2)
  13 leopard geckos
  16 orcs
  2 ball pythons (Sewer)
  8 giant cockroaches
  10 hobgoblins
  19 jackals
  5 kobolds
  3 quokkas
  9 bats
  8 frilled lizards
  18 goblins
  A leopard gecko skeleton (D:5)
  2 quokka skeletons
  5 rats
240 creatures vanquished.

Vanquished Creatures (others)
  A quokka (D:4)
1 creature vanquished.

Grand Total: 241 creatures vanquished

Notes
Turn   | Place    | Note
-------+----------+-------------------------------------------
     0 | D:1      | tilp the Merfolk Ice Elementalist began the quest for the Orb.
     0 | D:1      | Reached XP level 1. HP: 13/13 MP: 3/3
     6 | D:1      | Noticed a swamp drake
     6 | D:1      | Noticed a killer bee
     6 | D:1      | Noticed a polar bear
     6 | D:1      | Noticed a komodo dragon
   177 | D:1      | Reached XP level 2. HP: 13/19 MP: 0/5
   181 | D:1      | Learned a level 2 spell: Throw Frost
   836 | D:2      | Reached XP level 3. HP: 24/24 MP: 6/6
   841 | D:2      | Learned a level 3 spell: Ozocubu's Armour
  1235 | D:2      | Reached skill level 5 in Ice Magic
  1291 | D:2      | Reached XP level 4. HP: 17/30 MP: 1/7
  1754 | D:2      | Found a runed door.
  2200 | D:2      | Reached XP level 5. HP: 34/35 MP: 8/8
  2650 | D:3      | Noticed Dargar's ghost (amateur DsGl)
  2734 | D:3      | Noticed Jessica
  2735 | D:3      | Killed Jessica
  2895 | D:3      | Noticed a sky beast
  3108 | D:3      | Noticed Ijyb
  3108 | D:3      | Paralysed by Ijyb for 6 turns
  3120 | D:3      | Paralysed by Ijyb for 5 turns
  3126 | D:3      | Killed Ijyb
  3131 | D:3      | Found an ornate altar of the Wu Jian Council.
  3270 | D:3      | Noticed Natasha
  3281 | D:3      | Killed Natasha
  3320 | D:3      | Noticed Natasha
  3396 | D:3      | Killed Natasha
  3396 | D:3      | Reached skill level 1 in Fighting
  3396 | D:3      | Reached XP level 6. HP: 35/43 MP: 4/9
  3415 | D:3      | Noticed Natasha
  3420 | D:3      | Killed Natasha
  3760 | D:3      | Killed a sky beast
  3980 | D:2      | Noticed Crazy Yiuf
  3983 | D:2      | Killed Crazy Yiuf
  4082 | D:4      | Noticed a two-headed ogre
  4280 | D:4      | Found a bloodstained altar of Trog.
  4601 | D:4      | Reached XP level 7. HP: 51/52 MP: 10/10
  4741 | D:4      | Found a white marble altar of Elyvilon.
  5065 | D:4      | Reached skill level 5 in Dodging
  5482 | D:5      | Entered Level 5 of the Dungeon
  6162 | D:5      | Reached skill level 1 in Charms
  6489 | D:6      | Reached XP level 8. HP: 39/58 MP: 5/11
  6501 | D:6      | Noticed Totori's ghost (novice FoAK)
  6611 | D:6      | Found a glowing drain.
  6650 | Sewer    | Entered a sewer
  7967 | D:6      | Noticed Grinder
  8301 | D:6      | Reached skill level 1 in Polearms
  8386 | D:7      | Reached skill level 2 in Polearms
  8397 | D:6      | Reached skill level 3 in Polearms
  8788 | D:6      | Reached skill level 4 in Polearms
  8912 | D:7      | Reached skill level 5 in Polearms
  8922 | D:7      | Reached skill level 6 in Polearms
  9168 | D:7      | Reached skill level 7 in Polearms
  9168 | D:7      | Reached XP level 9. HP: 52/64 MP: 3/12
  9186 | D:7      | Reached skill level 8 in Polearms
  9688 | D:7      | Reached skill level 9 in Polearms
  9961 | D:6      | Reached skill level 10 in Polearms
 10276 | D:8      | Found a hide-covered altar of Uskayaw.
 10276 | D:8      | Noticed a hand axe
 10277 | D:8      | Noticed a dagger
 10769 | D:8      | Reached skill level 11 in Polearms
 10878 | D:8      | Noticed Grum
 10900 | D:8      | Found an opulent altar of Gozag.
 10902 | D:8      | Found Gozag's Platinum Reserve.
 11020 | D:8      | Found an ancient bone altar of Kikubaaqudgha.
 11166 | D:8      | Learned a level 4 spell: Throw Icicle
 11319 | D:8      | Found a bloodstained altar of Trog.
 11747 | D:9      | Reached skill level 12 in Polearms
 11920 | D:9      | Paralysed by fainting for 10 turns
 12017 | D:9      | Noticed a troll
 12078 | D:9      | Noticed a two-headed ogre
 12095 | D:9      | Killed a two-headed ogre
 12095 | D:9      | Reached skill level 14 in Polearms
 12095 | D:9      | Reached XP level 10. HP: 69/69 MP: 10/13
 12390 | D:9      | Found a hazy altar of Hepliaklqana.
 12864 | D:9      | Learned a level 2 spell: Swiftness
 12941 | D:9      | Reached skill level 15 in Polearms
 13608 | D:6      | Killed Grinder
 13683 | D:7      | Found a staircase to the Ecumenical Temple.
 13688 | Temple   | Entered the Ecumenical Temple
 13869 | Temple   | Became a worshipper of Makhleb the Destroyer
 14247 | D:8      | Killed Grum
 14316 | D:10     | Entered Level 10 of the Dungeon
 14316 | D:10     | Noticed Sonja
 14322 | D:10     | Noticed Josephine
 14406 | D:10     | Reached skill level 16 in Polearms
 14750 | D:10     | Killed from afar by Josephine

Vault maps used:
D:1:      onia_arrival_zoo_common
D:2:      kennysheep_big_flooded_room, kennysheep_decorative_pillar,
          uniq_crazy_yiuf_cottage
D:3:      nicolae_overflow_crystal_walls, minivault_26, uniq_jessica,
          uniq_natasha, uniq_ijyb
D:4:      kennysheep_goblin_castle, bloody_trog, first_ration, elyvilon_altar_4
D:6:      portal_sewer_entry_f, uniq_grinder
D:7:      minmay_temple_entry_from_below_a
D:8:      nicolae_gozag_zags_fifth_avenue, lemuel_doored_altar,
          dancing_weapons_uskayaw, trog_butcher_becter, uniq_grum
D:9:      lemuel_crystal_altar
D:10:     uniq_josephine, uniq_sonja
Temple:   eino_temple_scatter_basement
Sewer:    sewer_fruit_machine

Skill      XL: |  1  2  3  4  5  6  7  8  9 10 |
---------------+-------------------------------+-----
Ice Magic      | 4 5 6 7 |  7.0
Fighting       | 1 3 |  3.3
Dodging        | 4 6 |  6.6
Charms         | 3 |  3.0
Evocations     | 2 4 |  4.3
Polearms       | 7 14 16 | 16.1
Stealth        | |  2.1
Spellcasting   | |  2.0
Conjurations   | |  0.7

Action                   |  1- 3 |  4- 6 |  7- 9 | 10-12 || total
-------------------------+-------+-------+-------+-------++-------
Melee: Short sword       |    15 |       |       |       ||    15
       Dagger            |    30 |    61 |     3 |       ||    94
       Hand axe          |       |       |   219 |       ||   219
       Tailslap          |       |       |     2 |       ||     2
       Trident           |       |       |    71 |    17 ||    88
       Halberd           |       |       |       |   158 ||   158
Throw: Tomahawk          |       |       |     3 |     3 ||     6
       Stone             |       |       |     2 |       ||     2
 Cast: Freeze            |    38 |    88 |   188 |    32 ||   346
       Ozocubu's Armour  |     3 |     4 |    27 |     9 ||    43
       Throw Frost       |       |     9 |    38 |     6 ||    53
Evoke: Wand              |       |       |    10 |     1 ||    11
  Use: Scroll            |       |     3 |    15 |     5 ||    23
       Potion            |       |       |     2 |     2 ||     4
 Stab: Sleeping          |     4 |     3 |     6 |     2 ||    15
       Distracted        |     1 |       |       |       ||     1
       Paralysed         |       |       |    29 |       ||    29
  Eat: Chunk             |     2 |    10 |    28 |     8 ||    48
       Ration            |       |     1 |     3 |     1 ||     5
Armor: Robe              |    15 |    23 |   132 |    54 ||   224
Dodge: Dodged            |    57 |    83 |   424 |   193 ||   757

Table legend:
 A = Spawn XP
 B = Non-spawn XP
 C = Spawn XP percentage of total XP
 D = Spawn monster count
 E = Non-spawn monster count
 F = Spawn count percentage of total count
 G = Total turns spent on level
                    A         B        C        D         E        F      G
               +---------+---------+-------+---------+---------+-------+---------
         Total |       0 |    7949 |   0.0 |       0 |     240 |   0.0 | 14750
               +---------+---------+-------+---------+---------+-------+---------
           D:1 |       0 |      49 |   0.0 |       0 |      19 |   0.0 |  1074
           D:2 |       0 |     157 |   0.0 |       0 |      34 |   0.0 |  1494
           D:3 |       0 |     347 |   0.0 |       0 |      20 |   0.0 |  1564
           D:4 |       0 |     212 |   0.0 |       0 |      28 |   0.0 |  1387
           D:5 |       0 |     491 |   0.0 |       0 |      14 |   0.0 |  1329
           D:6 |       0 |    1007 |   0.0 |       0 |      30 |   0.0 |  1526
           D:7 |       0 |    1210 |   0.0 |       0 |      24 |   0.0 |  1813
           D:8 |       0 |     996 |   0.0 |       0 |      17 |   0.0 |  1153
           D:9 |       0 |    3078 |   0.0 |       0 |      29 |   0.0 |  2056
          D:10 |       0 |     337 |   0.0 |       0 |       3 |   0.0 |   374
         Sewer |       0 |      65 |   0.0 |       0 |      22 |   0.0 |   780
               +---------+---------+-------+---------+---------+-------+---------
